Unix NetHack Version 3.7.0-66 Work-in-progress - last build Nov 25 2022 02:21:47 (a67c8fbd212c6e9cfe3af09653023564b5ba1bad,branch:master). Game began 2022-12-02 22:44:13, ended 2022-12-02 23:00:32. maneatingcow, lawful female human Priestess --.--- --..G@-- .%...G*. .---.... .--. h Maneatingcow the Acolyte St:11 Dx:9 Co:16 In:13 Wi:18 Ch:9 Lawful S:892 Dlvl:5 $:72 HP:0(32) Pw:24(37) AC:4 Xp:4/155 T:2106 Latest messages: You miss the fog cloud. You hit the fog cloud. You miss the fog cloud. You miss the fog cloud. You destroy the fog cloud! You have a little trouble lifting an unlocked chest containing 1 item. Continue? [ynq] (q) y M - an unlocked chest containing 1 item. You rebalance your load. Movement is difficult. You hear someone cursing shoplifters. You hear someone cursing shoplifters. You drop an unlocked chest containing 1 item. Your movements are now unencumbered. You descend the stairs. You climb up the stairs. You descend the stairs. You hear crashing rock. You hear rumbling in the distance. You kill the gnome! There is a gnome corpse here; eat it? [ynq] (n) y This gnome corpse tastes okay. You stop eating the gnome corpse. There is a partly eaten gnome corpse here; eat it? [ynq] (n) y You resume your meal. You are hit by a dart. You stop eating the gnome corpse. N - a tripe ration. You are hit by a dart. You kill the gnome lord! The gnome hits! You kill the gnome lord! The gnome misses! You miss the gnome. You hit the gnome. You hear a nearby zap. The sleep ray whizzes by you! The sleep ray bounces! The sleep ray hits you! The gnome hits! The flask crashes on your head and breaks into shards. The sky blue potion evaporates. You dream that you feel somewhat dizzy. Call a sky blue potion: confusion The gnome hits! The gnome hits! The gnome hits! The gnome hits! The gnome hits! The gnome hits! You die... Do you want your possessions identified? [ynq] (y) q Inventory: Coins $ - 72 gold pieces Amulets D - an amulet of ESP (being worn) Weapons a - a blessed +1 mace (weapon in hand) Armor q - a +0 orcish helm c - a +0 small shield (being worn) b - a +0 robe (being worn) p - a +0 studded leather armor (being worn) Comestibles e - a clove of garlic j - a food ration f - a sprig of wolfsbane N - a tripe ration K - 2 tins of spinach Scrolls l - a scroll of confuse monster s - a scroll of fire A - a scroll of magic mapping F - a scroll of scare monster o - a scroll of teleportation Potions w - a potion of acid x - a potion of extra healing G - a potion of gain ability H - a potion of gain level i - a potion of healing d - a potion of holy water Wands m - a wand of sleep (0:8) Tools L - a magic marker (0:61) r - a skeleton key Gems/Stones J - an amber stone I - a worthless piece of white glass B - a touchstone Maneatingcow the Priestess's attributes: Background: You were an Acolyte, a level 4 human Priestess. You were lawful, nominally on a mission for Mercury who was opposed by Venus (neutral) and Mars (chaotic). You were in the Gnomish Mines, on level 5. You entered the dungeon 2106 turns ago. It was nighttime. You had 155 experience points, 5 more were needed to attain level 5. Your score was 892 before end-of-game adjustments. Basics: You had 0 out of 32 hit points. You had 24 out of 37 energy points (spell power). Your armor class was 4. Your wallet contained 72 zorkmids. Autopickup was off. Final Characteristics: Your strength was 11 (limit:18/100). Your dexterity was 9 (limit:18). Your constitution was 16 (limit:18). Your intelligence was 13 (limit:18). Your wisdom was 18 (limit:18). Your charisma was 9 (limit:18). Final Status: You were not hungry. You were unencumbered. You were wielding a mace. You had basic skill with mace. Final Attributes: You were devoutly aligned. You were telepathic. You were guarded. You are dead. Miscellaneous: You never encountered a bones level. Total elapsed playing time was 16 minutes and 17 seconds. Major events: Turn 1: maneatingcow the lawful human Priestess entered the dungeon 825: attained the rank of Acolyte (level 3) 2075: entered the Gnomish Mines 2106: killed by a gnome, while sleeping Vanquished creatures: a fog cloud 2 gnome leaders a floating eye a kitten a giant bat 2 orc zombies a wererat 2 acid blobs a large kobold a yellow mold a gnome a gnome zombie a gecko 6 jackals a fox a goblin 2 sewer rats a grid bug 3 lichens 5 newts 35 creatures vanquished. No species were genocided or became extinct. Voluntary challenges: You were an atheist. You were illiterate. You never engraved Elbereth. You never genocided any monsters. You never polymorphed an object. You never changed form. You used no wishes. Achievements: You attained the rank of Acolyte. You entered a shop. You entered the Gnomish Mines. The Dungeons of Doom: levels 1 to 5 Level 1: Level 2: "vault" Level 3: Level 4: A health food store. Stairs down to The Gnomish Mines. Level 5: The Gnomish Mines: Level 5: <- You were here. Final resting place for you, killed by a gnome, while sleeping. Game over: ---------- / \ / REST \ / IN \ / PEACE \ / \ | maneatingcow | | 72 Au | | killed by a | | gnome | | | | | | 2022 | *| * * * | * _________)/\\_//(\/(/\)/\//\/|_)_______ Goodbye maneatingcow the Priestess... You died in The Gnomish Mines on dungeon level 5 with 885 points, and 72 pieces of gold, after 2106 moves. You were level 4 with a maximum of 32 hit points when you died.